 Dungeon Crawl Stone Soup version 0.32-a0-43-g058985b245 (webtiles) character file.

Game seed: 17564227216741121497

9 Ceno the Sneak (level 2, 0/15 HPs)
             Began as a Vampire Enchanter on Feb 4, 2024.
             Slain by an adder (3 damage)
             ... on level 2 of the Dungeon.
             The game lasted 00:01:59 (485 turns).

Ceno the Sneak (Vampire Enchanter)                   Turns: 485, Time: 00:02:00

Health: 0/15       AC:  2    Str:  7    XL:     2   Next: 3%
Magic:  1/5        EV: 12    Int: 17    God:
Gold:   18         SH:  0    Dex: 14    Spells: 3/5 levels left

rFire   . . .        a - +1 dagger
rCold   + + .        (no shield)
rNeg    + + +        b - +0 robe
rPois   ∞            (no helmet)
rElec   .            (no cloak)
rCorr   .            (no gloves)
SInv    +            (no boots)
Will    .....        (no amulet)
Stlth   +++++        (no ring)
HPRegen 0.00/turn    (no ring)
MPRegen 0.09/turn

%: no passive effects
@: bloodless, inhibited regen
A: bloodless, fangs 3, see invisible, vampiric 1
a: Revivify


You were on level 2 of the Dungeon.
You visited 1 branch of the dungeon, and saw 2 of its levels.

You collected 18 gold pieces.

Inventory:

Hand Weapons
 a - a +1 dagger (weapon)
Missiles
 d - 4 stones (quivered)
Armour
 b - a +0 robe (worn)
 f - a +0 ring mail
Scrolls
 e - a scroll of enchant weapon {unknown}
 g - a scroll of poison {unknown}
 h - a scroll of fog {unknown}
 l - a scroll of silence {unknown}
Potions
 c - 2 potions of invisibility
 i - a potion of mutation {unknown}
 j - a potion of lignification {unknown}
 k - a potion of heal wounds {unknown}


   Skills:
 - Level 1.1 Short Blades
 - Level 2.1 Dodging
 + Level 4.7 Stealth
 * Level 2.3 Spellcasting
 + Level 4.6 Hexes


You had 3 spell levels left.
You knew the following spells:

 Your Spells              Type           Power      Damage    Failure   Level
a - Ensorcelled Hibernat  Hex/Ice        18%        N/A       11%         2

Your spell library contained the following spells:

 Spells                   Type           Power      Damage    Failure   Level
 Confusing Touch          Hex            17%        N/A       9%          3
 Tukima's Dance           Hex            17%        N/A       9%          3
 Foxfire                  Conj/Fire      4%         2x1d4     19%         1
 Magic Dart               Conj           4%         1d3       19%         1
 Dazzling Flash           Conj/Hex       18%        N/A       22%         3
 Blink                    Tloc           2%         N/A       28%         2
 Call Imp                 Summ           2%         N/A       28%         2
 Plasma Beam              Fire/Air       0%         2x1d10    100%        6
 Starburst                Conj/Fire      0%         6d3       100%        6


Dungeon Overview and Level Annotations

Branches:
Dungeon (2/15)

Altars:

Shops:
D:1 ?


Innate Abilities, Weirdness & Mutations

You do not regenerate when monsters are visible.
You are frail without blood (-20% HP).
You can heal yourself when you bite living creatures.
You are immune to poison.
You have razor-sharp teeth.
You have supernaturally acute eyesight. (SInv)
You are afflicted with vampirism.


Message History

The kobold resists with significant effort.
The kobold hits you with a +0 dagger.
You hit the kobold.
You kill the kobold!
You start resting.
HP restored.
You start resting.
Magic restored.
You climb downwards.
There is a stone staircase leading up here.
Found 10 gold pieces.
Casting: Ensorcelled Hibernation (safe; 11% risk of failure)
Confirm with . or Enter, or press ? or * to list all spells.
Aiming: Ensorcelled Hibernation (safe; 11% risk of failure)
Press: ? - help, Shift-Dir - straight line, f - adder
Aim: an adder (wandering, hasn't noticed you, chance to affect: 51%)
The adder resists with significant effort.
Casting: Ensorcelled Hibernation (safe; 11% risk of failure)
Confirm with . or Enter, or press ? or * to list all spells.
Aiming: Ensorcelled Hibernation (safe; 11% risk of failure)
Press: ? - help, Shift-Dir - straight line, f/p - adder
Aim: an adder (chance to affect: 51%)
The adder resists with significant effort.
The adder bites you.
You miss the adder. The adder bites you.
You hit the adder but do no damage. The adder bites you.
The adder barely misses you.
You are too injured to fight recklessly!
You barely miss the adder. The adder bites you.
* * * LOW HITPOINT WARNING * * *
You hit the adder.
The adder is moderately wounded.
The adder barely misses you.
You hit the adder.
The adder is heavily wounded.
The adder barely misses you.
You completely miss the adder.
The adder is heavily wounded.
The adder bites you.
You die...

#.# #.# .# #.#
#.##.### # #### #.#
#.#....#.# ....
#.###.(.#.... .
##.#P.##<##........$..
.P.............(###.#
..P.#..#.#..........#
. #..#............##
......#....@.......
..P.........S.###.##
P...#....##.#...#
+.PPP..####.#...#
....... #.##... #.
..### ###


You could see an adder.

Vanquished Creatures
  An endoplasm (D:1)
  2 goblins (D:1)
  2 hobgoblins (D:1)
  A frilled lizard (D:1)
  A kobold (D:1)
  A rat (D:1)
8 creatures vanquished.

Notes
Turn   | Place    | Note
-------+----------+-------------------------------------------
     0 | D:1      | Ceno the Vampire Enchanter began the quest for the Orb.
     0 | D:1      | Reached XP level 1. HP: 13/13 MP: 3/3
    30 | D:1      | Found Tegakuc's Magic Scroll Emporium.
   208 | D:1      | Reached XP level 2. HP: 19/19 MP: 5/5
   211 | D:1      | Learned a level 2 spell: Ensorcelled Hibernation
   485 | D:2      | Slain by an adder

Illustrated notes

Levels and vault maps discovered:
D:1:      dpeg_arrival_water_temple_mockup, layout_rooms, serial_shops, shop,
          skrybe_limestone_x, minmay_misc_feat_room
D:2:      cheibrodos_old_hovel, layout_loops_ring, minmay_crystal_room

Action                     || total
---------------------------++-------
  Melee: Dagger            ||    26
         Bite              ||     4
   Cast: Ensorcelled Hiber ||     4
Ability: Exsanguinate      ||     1
   Stab: Sleeping          ||     1
 Armour: Robe              ||    14
  Dodge: Dodged            ||     9

Table legend: (Time is in decaauts)
 A = Elapsed time spent in this place.
 B = Non-inter-level travel time spent in this place.
 C = Inter-level travel time spent in this place.
 D = Time resting spent in this place.
 E = Time spent auto-exploring this place.
 F = Levels seen in this place.
 G = Mean time per level.
                   A        B        C        D        E       F      G
               +--------+--------+--------+--------+--------+-----+--------+
         Total |    484 |    455 |     29 |     51 |    173 |   2 |  242.0 |
       Dungeon |    484 |    455 |     29 |     51 |    173 |   2 |  242.0 |
               +--------+--------+--------+--------+--------+-----+--------+

Top non-repeatable levels by time:
     D:1: 458 daAuts
     D:2: 25 daAuts
